 Dungeon Crawl Stone Soup version 0.17-a0-1210-g1e4f09d (webtiles) character file.

1813 Quirk the Skirmisher (level 9, -3/55 HPs)
             Began as a Gargoyle Fighter on June 4, 2015.
             Was an Initiate of Ru.
             Killed by divine providence
             ... invoked by an orc priest
              (13 damage)
             ... on level 7 of the Dungeon.
             The game lasted 00:17:41 (5674 turns).

Quirk the Skirmisher (Gargoyle Fighter)             Turns: 5674, Time: 00:17:41

Health: -3/55      AC: 15    Str: 22    XL:     9   Next: 10%
Magic:  9/9        EV:  7    Int:  9    God:    Ru [......]
Gold:   109        SH: 15    Dex: 10    Spells: 0 memorised, 8 levels left

rFire  . . .     SeeInvis .     O - +2 whip (elec)
rCold  . . .     Clarity  .     b - +0 scale mail
rNeg   + + .     SustAt   .     q - +0 large shield
rPois  ∞         Gourm    .     (no helmet)
rElec  +         Spirit   .     t - +1 cloak {MR+}
rCorr  .         Warding  .     (no gloves)
rMut   .         Stasis   .     (no boots)
MR     +....                    n - amulet of regeneration
Stlth  +.........               N - ring of positive energy
                                v - +3 ring of slaying

@: somewhat resistant to hostile enchantments, very unstealthy
A: negative energy resistance 1, electricity resistance, unbreathing,
petrification resistance, rot immunity, disrupted magic 1, AC +5
a: Renounce Religion


You were on level 7 of the Dungeon.
You worshipped Ru.
Ru was noncommittal.
You were not hungry.

You visited 2 branches of the dungeon, and saw 8 of its levels.

You collected 304 gold pieces.
You spent 195 gold pieces at shops.

Inventory:

Hand weapons
 a - a +0 flail
 O - a +2 whip of electrocution (weapon)
Missiles
 s - 2 javelins (quivered)
Armour
 b - a +0 scale mail (worn)
 c - a +0 shield
 q - a +0 large shield (worn)
 t - a +1 cloak of magic resistance (worn)
Jewellery
 f - an uncursed amulet of resist corrosion
 n - an amulet of regeneration (around neck)
 v - a +3 ring of slaying (left hand)
 N - a ring of positive energy (right hand)
Magical devices
 C - a wand of lightning (6)
 F - a wand of slowing (11)
 M - a wand of frost (13)
 Q - a wand of cold (8)
Scrolls
 h - 3 scrolls of magic mapping {unknown}
 i - 7 scrolls of identify {unknown}
 j - 5 scrolls of remove curse {unknown}
 r - 3 scrolls of teleportation {unknown}
 u - a scroll of fear {unknown}
 w - a scroll of enchant armour {unknown}
 y - a scroll of amnesia {unknown}
 z - 5 scrolls of immolation {unknown}
 A - 2 scrolls of recharging {unknown}
 D - 2 scrolls of blinking {unknown}
 E - 2 scrolls of random uselessness {unknown}
 G - a scroll of enchant weapon {unknown}
 I - a scroll of fog {unknown}
Potions
 d - a potion of might
 g - 2 potions of curing {unknown}
 k - a potion of resistance {unknown}
 l - 2 potions of flight {unknown}
 m - a potion of cancellation {unknown}
 p - 4 potions of haste {unknown}
 H - a potion of berserk rage {unknown}
 J - a potion of mutation {unknown}
 L - a potion of magic {unknown}
 P - 3 potions of heal wounds
Books
 x - a book of Flames

   Spells                             Type                      Level
   a - Flame Tongue                   Conjuration/Fire             1
   b - Throw Flame                    Conjuration/Fire             2
   c - Conjure Flame                  Conjuration/Fire             3
   d - Inner Flame                    Hexes/Fire                   3
   e - Sticky Flame                   Conjuration/Fire             4
   f - Fireball                       Conjuration/Fire             5
 K - a book of Hinderance

   Spells                             Type                      Level
   a - Confusing Touch                Hexes                        2
   b - Confuse                        Hexes                        3
   c - Gell's Gravitas                Hexes/Translocation          3
   d - Petrify                        Transmutation/Earth          4
   e - Metabolic Englaciation         Hexes/Ice                    5
Comestibles
 e - 7 bread rations
 o - 2 meat rations
 B - a beef jerky


   Skills:
 + Level 6.2 Fighting
 + Level 4.9 Maces & Flails
 + Level 5.7 Armour
 + Level 3.8 Dodging
 + Level 5.6 Stealth
 + Level 5.9 Shields


You had 8 spell levels left.
You didn't know any spells.

Dungeon Overview and Level Annotations

Branches:
Dungeon (7/15)             Temple (1/1) D:7

Altars:
Ashenzari
Elyvilon
Gozag
Makhleb
Nemelex Xobeh
Qazlal
Ru
Sif Muna

Shops:
D:6 %   D:7 !!%!


Innate Abilities, Weirdness & Mutations

You are resistant to torment.
Your stone body is resilient (AC +5).
You are immune to poison.
You resist negative energy.
You are resistant to electric shocks.
You can survive without breathing.
You are immune to petrification.
You are immune to rotting.
Your casting is slightly disrupted.


Message History

You hit the orc.
The orc is severely wounded.
The orc hits you but does no damage.
You barely miss the orc.
The orc is severely wounded.
The orc shouts!
You hit the orc.
You kill the orc!
You see here a morningstar.
The orc warrior hits you with a glaive!
You barely miss the orc warrior. You block the orc warrior's attack.
You barely miss the orc warrior.
The orc warrior hits you with a glaive!!
* * * LOW HITPOINT WARNING * * *
You barely miss the orc warrior.
Your shield and scale mail prevent you from hitting the orc warrior.
You block the orc warrior's attack.
The orc priest invokes the aid of Beogh against you.
Something smites you!
You die...

#.# #..
♣.∩.♣.........###..###.b #.#
#.. #.♣.##.........##..# #.#
#.# #..###...#..........#..#
#.# ..o
.......................# #.#
.#..
.<.###...........##.#..###.#
. .o#.
####......>.##....##... #
#o# #..oo....##.##...... ..
#.#o####)..# ####... ##5 ##
##.#@# ##[## ##.#. . ##...)#
#.######.... #[##.....##
#........[.. #.#.......##
########.... #.........#
##.#. ##.>......# #.#.
#.......(.# #.#.
#.#.......## #.## #
##.....## #.#


You could see an orc warrior, an orc priest and an orc.

Vanquished Creatures
  Pikel (D:7)
  Menkaure (D:6)
  A phantom (D:6)
  A centaur (D:5)
  2 ice beasts
  An ogre (D:7)
  2 giant frogs
  A wight (D:7)
  A hound (D:4)
  A jelly (D:7)
  2 crimson imps
  Crazy Yiuf (D:2)
  A giant frog skeleton (D:4)
  2 orc wizards (D:5)
  Jessica (D:2)
  An iguana (D:6)
  5 worker ants
  11 adders
  3 gnolls (D:4)
  An ooze (D:4)
  2 worms
  5 giant geckos
  2 orcs
  12 bats
  6 giant cockroaches
  8 goblins
  14 hobgoblins
  8 jackals
  6 kobolds
  5 quokkas
  A ball python (D:1)
  4 giant newts
  14 rats
127 creatures vanquished.

Vanquished Creatures (others)
  4 slaves (D:7)
  2 wights (D:7)
  A hound zombie (D:7)
  2 butterflies (D:7)
9 creatures vanquished.

Grand Total: 136 creatures vanquished

Notes
Turn   | Place    | Note
--------------------------------------------------------------
     0 | D:1      | Quirk the Gargoyle Fighter began the quest for the Orb.
     0 | D:1      | Reached XP level 1. HP: 14/14 MP: 1/1
    76 | D:1      | Reached XP level 2. HP: 16/19 MP: 2/2
   280 | D:1      | Reached skill level 1 in Stealth
   324 | D:1      | Reached skill level 1 in Dodging
   369 | D:1      | Reached XP level 3. HP: 15/23 MP: 3/3
  1170 | D:2      | Found an opulent altar of Gozag.
  1357 | D:2      | Reached XP level 4. HP: 28/28 MP: 4/4
  1472 | D:2      | Found a deep blue altar of Sif Muna.
  1593 | D:2      | Noticed Crazy Yiuf
  1605 | D:2      | Killed Crazy Yiuf
  1765 | D:2      | Reached XP level 5. HP: 27/33 MP: 5/5
  1769 | D:2      | Noticed Jessica
  1772 | D:2      | Killed Jessica
  2641 | D:3      | Reached skill level 4 in Armour
  2808 | D:3      | Found a white marble altar of Elyvilon.
  2878 | D:3      | Found a sacrificial altar of Ru.
  2886 | D:3      | Became a worshipper of Ru the Awakened
  2988 | D:4      | Reached XP level 6. HP: 35/38 MP: 6/6
  3280 | D:4      | Found a burning altar of Makhleb.
  3668 | D:4      | Found a stormy altar of Qazlal.
  3668 | D:4      | Found a shattered altar of Ashenzari.
  3816 | D:5      | Entered Level 5 of the Dungeon
  3911 | D:5      | Reached XP level 7. HP: 40/44 MP: 7/7
  4401 | D:6      | Reached skill level 5 in Fighting
  4410 | D:6      | Gained mutation: Your casting is slightly disrupted. [Ru sacrifice]
  4509 | D:6      | Found a sparkling altar of Nemelex Xobeh.
  4595 | D:6      | Reached XP level 8. HP: 46/49 MP: 8/8
  4613 | D:6      | Found Suajed's Food Emporium.
  4639 | D:6      | Noticed Menkaure
  4650 | D:6      | Killed Menkaure
  4650 | D:6      | Reached skill level 5 in Shields
  4917 | D:6      | Found a sparkling altar of Nemelex Xobeh.
  5223 | D:7      | Found a staircase to the Ecumenical Temple.
  5238 | D:7      | Noticed Pikel
  5259 | D:7      | Killed Pikel
  5259 | D:7      | Reached skill level 5 in Armour
  5259 | D:7      | Reached skill level 5 in Stealth
  5273 | D:7      | Reached skill level 6 in Fighting
  5279 | D:7      | Found Jukhedyth's Distillery.
  5292 | D:7      | Bought a potion of heal wounds for 65 gold pieces
  5292 | D:7      | Bought a potion of heal wounds for 65 gold pieces
  5322 | D:7      | Found Vawkotaf's Distillery.
  5335 | Temple   | Entered the Ecumenical Temple
  5358 | D:7      | Reached XP level 9. HP: 55/55 MP: 9/9
  5370 | D:7      | Found Buofuz's Distillery.
  5373 | D:7      | Bought a potion of heal wounds for 65 gold pieces
  5379 | D:7      | Found a sacrificial altar of Ru.
  5519 | D:7      | Found Reqax's Food Emporium.
  5674 | D:7      | Killed from afar by an orc priest

Vault maps used:
D:1:      zelgadis_glass_arrival_small, hex_medium
D:2:      grunt_gozag_breadcrumbs, lemuel_blue_sif_altar, first_bread,
          uniq_jessica, uniq_crazy_yiuf_cottage
D:3:      lemuel_upstairs_altar, overflow_temple_1_default,
          lemuel_coloured_pillars_altar
D:4:      gammafunk_temple_overflow_pools, makhleb_blood_cavern_becter
D:6:      lemuel_doored_altar, serial_shops, nicolae_shop_waterfront,
          nemelex_lonely_heart_becter, uniq_menkaure
D:7:      minmay_temple_entry_butterflies, basic_altar, serial_shops,
          nicolae_shop_trees, nicolae_shop_behind_doors, nicolae_shop_trees,
          shop, the_bakery, uniq_pikel
Temple:   minmay_temple_curvy_8

Action                   |  1- 3 |  4- 6 |  7- 9 || total
-------------------------+-------+-------+-------++-------
Melee: Flail             |   177 |   205 |   154 ||   536
       Whip              |       |       |    34 ||    34
Invok: Sacrifice Essence |       |       |     1 ||     1
  Eat: Chunk             |     2 |     9 |     6 ||    17
